 Dungeon Crawl Stone Soup version 0.23.0 (webtiles) character file.

Game seed: 15302789340316908715

72 Folque the Digger (level 4, -2/36 HPs)
             Began as a Draconian Earth Elementalist on Feb 18, 2019.
             Slain by a shadow imp (5 damage)
             ... on level 2 of the Dungeon.
             The game lasted 00:05:48 (1826 turns).

Folque the Digger (Draconian Earth Elementalist)    Turns: 1826, Time: 00:05:49

Health: -2/36      AC:  5    Str:  8 (11) XL:     4   Next: 7%
Magic:  2/8        EV: 12    Int: 13 (16) God:
Gold:   30         SH:  0    Dex:  9 (11) Spells: 2/8 levels left

rFire    . . .     SeeInvis .   g - +0 dagger
rCold    . . .     Gourm    .   (no shield)
rNeg     . . .     Faith    .   (armour unavailable)
rPois    .         Spirit   .   (helmet restricted)
rElec    .         Reflect  .   (no cloak)
rCorr    .         Harm     .   (no gloves)
MR       .....                  (no boots)
Stlth    ++........             (no amulet)
HPRegen  0.12/turn              e - ring of flight
MPRegen  0.11/turn              (no ring)

@: very slightly contaminated
A: unfitting armour, cold-blooded, AC +5
a: Evoke Flight


You were on level 2 of the Dungeon.
You were hungry.

You visited 1 branch of the dungeon, and saw 2 of its levels.

You collected 30 gold pieces.

Inventory:

Hand Weapons
 g - a +0 dagger (weapon)
Missiles
 d - 2 javelins (quivered)
Armour
 h - a +0 cloak
Jewellery
 e - a ring of flight (left hand)
Comestibles
 c - 2 rations


   Skills:
 + Level 2.1 Fighting
 - Level 1.7 Dodging
 - Level 1.7 Stealth
 + Level 2.8 Spellcasting
 - Level 1.0 Transmutations
 * Level 3.8 Earth Magic


You had 2 spell levels left.
You knew the following spells:

 Your Spells              Type           Power        Failure   Level  Hunger
a - Sandblast             Erth           ##....       4%          1    #......
b - Passwall              Tmut/Erth      #.......     13%         2    ###....
c - Stone Arrow           Conj/Erth      #.....       32%         3    ###....

Your spell library contained the following spells:

 Spells                   Type           Power        Failure   Level  Hunger
 Petrify                  Tmut/Erth      #.......     65%         4    #####..
 Lee's Rapid Deconstruct  Erth           ##........   80%         5    ######.


Dungeon Overview and Level Annotations

Branches:
Dungeon (2/15)

Altars:
Makhleb


Innate Abilities, Weirdness & Mutations

Your plain brown scales are hard. (AC +5)
You cannot fit into any form of body armour.
You are cold-blooded and may be slowed by cold attacks.


Message History

Casting: Stone Arrow (safe; 32% risk of failure)
Confirm with . or Enter, or press ? or * to list all spells.
Aiming: Sandblast (safe; 4% risk of failure)
Press: ? - help, Shift-Dir - straight line, f/p - shadow imp
Aim: a shadow imp (almost dead)
You don't have any stones to cast with.
You hit the shadow imp but do no damage.
The shadow imp is almost dead.
The shadow imp closely misses you.
You barely miss the shadow imp.
The shadow imp is almost dead.
The shadow imp closely misses you.
You hit the shadow imp but do no damage.
You tail-slap the shadow imp.
The shadow imp is almost dead.
The shadow imp misses you.
You closely miss the shadow imp.
The shadow imp is almost dead.
The shadow imp hits you.
You die...

#..........## #...........##
### .............# ##...##
............# ##.....## .#
#..........# #.......#
..###..........####.......#
..........................#
..............#..........#
.............@...........##
.........÷##5###..........#
.........##...##.##.......#
.........#.≈.≈.####.......####
:........#≈≈.≈≈# ##.........#
...##....#≈≈_≈≈# #.........##
.. ......#≈#∩#≈# #.##..##.## .
....#..####### #.#......#
.....(#.#. #.....####


You could see a shadow imp.

Vanquished Creatures
  4 adders (D:2)
  A dart slug (D:2)
  8 bats
  A giant cockroach (D:1)
  2 goblins (D:1)
  6 hobgoblins (D:1)
  4 jackals (D:1)
  3 frilled lizards (D:1)
  5 kobolds
  2 rats (D:1)
36 creatures vanquished.

Notes
Turn   | Place    | Note
-------+----------+-------------------------------------------
     0 | D:1      | Folque the Draconian Earth Elementalist began the quest for
                  | the Orb.
     0 | D:1      | Reached XP level 1. HP: 14/14 MP: 3/3
   250 | D:1      | Reached XP level 2. HP: 10/22 MP: 0/5
   587 | D:1      | Reached skill level 1 in Fighting
   594 | D:1      | Learned a level 2 spell: Passwall
   826 | D:1      | Reached XP level 3. HP: 5/28 MP: 3/6
   834 | D:1      | Learned a level 3 spell: Stone Arrow
  1598 | D:2      | Reached XP level 4. HP: 11/36 MP: 0/8
  1796 | D:2      | Found a burning altar of Makhleb.
  1826 | D:2      | Slain by a shadow imp

Skill      XL: |  1  2  3 |
---------------+----------+-----
Fighting       | 1 2 |  2.1
Dodging        | |  1.7
Stealth        | |  1.7
Spellcasting   | |  2.8
Transmutations | |  1.0
Earth Magic    | |  3.8

Action                   |  1- 3 |  4- 6 || total
-------------------------+-------+-------++-------
Melee: Unarmed           |    21 |       ||    21
       Tailslap          |     8 |     4 ||    12
       Dagger            |    69 |    28 ||    97
 Cast: Sandblast         |    34 |     2 ||    36
       Stone Arrow       |     2 |     1 ||     3
  Use: Scroll            |     1 |       ||     1
       Potion            |     1 |       ||     1
 Stab: Sleeping          |     1 |       ||     1
  Eat: Chunk             |     3 |       ||     3
Armor: Skin              |    34 |     7 ||    41
Dodge: Dodged            |    83 |    14 ||    97
